 Dungeon Crawl Stone Soup version 0.19-a0-36-g4a0968a (webtiles) character file.

495 ololoev the Chopper (level 7, 0/61 HPs)
             Began as a Hill Orc Fighter on May 4, 2016.
             Slain by Grinder (8 damage)
             ... on level 5 of the Dungeon.
             The game lasted 00:05:46 (3945 turns).

ololoev the Chopper (Hill Orc Fighter)              Turns: 3945, Time: 00:05:46

Health: 0/61       AC:  7    Str: 20 (21) XL:     7   Next: 15%
Magic:  7/7        EV:  9    Int: 10 (13) God:
Gold:   236        SH:  0    Dex:  9 (10) Spells: 0 memorised, 6 levels left

rFire  . . .     SeeInvis .     a - +0 war axe
rCold  . . .     Gourm    .     b - +0 scale mail
rNeg   . . .     Faith    .     (no shield)
rPois  .         Spirit   .     (no helmet)
rElec  .         Dismiss  .     (no cloak)
rCorr  .         Reflect  .     (no gloves)
SustAt .         Harm     .     (no boots)
MR     .....                    (no amulet)
Stlth  ..........               (no ring)
                                (no ring)

@: brilliant, not resistant to hostile enchantments, extremely unstealthy
A: no striking features
a: no special abilities

Inventory:

Hand Weapons
 a - a +0 war axe (weapon)
Armour
 b - a +0 scale mail (worn)
Scrolls
 c - 4 scrolls of remove curse
 d - a scroll of fog {unknown}
 h - 6 scrolls of identify {unknown}
 i - a scroll of recharging {unknown}
 l - a scroll of magic mapping {unknown}
 m - 2 scrolls of teleportation {unknown}
 p - 2 scrolls of noise {unknown}
 s - a scroll of amnesia {unknown}
 t - a scroll of fear {unknown}
 x - a scroll of enchant weapon {unknown}
Potions
 j - a potion of cancellation
 u - a potion of brilliance
Comestibles
 f - 2 bread rations
 g - a meat ration
 n - a royal jelly
 o - 4 fruits


   Skills:
 + Level 5.6 Fighting
 * Level 7.4 Axes
 + Level 5.0 Armour
   Level 3.2 Shields


You had 6 spell levels left.
You didn't know any spells.


You were on level 5 of the Dungeon.
You were not hungry.

You visited 1 branch of the dungeon, and saw 5 of its levels.

You collected 236 gold pieces.

##......##.##.#
#......##.##.# ###
#......##.##.#
#.#.. ######## #..
#.#.. ########
#.#.. #......#
#.#.. #......#
#.#.. #......#
#.#.# #..@5..#
#.#.. #..)o..#
#.... #.))...###.
#.... #..........
####...
##.#########
#(...##
#.........###.##.#
#########.....)..##
#..#..##...
#..#.###.#.

Notes
Turn   | Place    | Note
--------------------------------------------------------------
     0 | D:1      | ololoev the Hill Orc Fighter began the quest for the Orb.
     0 | D:1      | Reached XP level 1. HP: 19/19 MP: 1/1
    19 | D:1      | Wingboner: Надо было сдаваться!
   117 | D:1      | ololoev: прист не поможет убить асмодея
   122 | D:1      | Reached skill level 3 in Axes
   238 | D:1      | Reached XP level 2. HP: 19/27 MP: 2/2
   840 | D:2      | Reached XP level 3. HP: 28/33 MP: 3/3
   884 | D:2      | Reached skill level 4 in Axes
  1449 | D:2      | Reached XP level 4. HP: 32/40 MP: 4/4
  1732 | D:3      | Found a basalt altar of Yredelemnul.
  1789 | D:3      | Noticed a giant frog
  1800 | D:3      | Killed a giant frog
  1800 | D:3      | Reached skill level 5 in Axes
  1800 | D:3      | Reached XP level 5. HP: 14/47 MP: 5/5
  2313 | D:4      | Reached skill level 5 in Fighting
  2338 | D:3      | HP: 2/48 [poisoned by a worker ant]
  2346 | D:3      | HP: 2/48 [poisoned by a worker ant]
  2557 | D:3      | Reached XP level 6. HP: 39/56 MP: 6/6
  2653 | D:4      | Reached skill level 6 in Axes
  3078 | D:4      | Noticed simok's ghost (amateur FoFi)
  3287 | D:5      | Entered Level 5 of the Dungeon
  3690 | D:5      | Reached skill level 7 in Axes
  3697 | D:5      | Found Nievuehe's Weapon Emporium.
  3701 | D:5      | ololoev: вот как всегда
  3701 | D:5      | ololoev: хочешь поиграть полеармщиком эша - хрен тебе а не оса
  3773 | D:5      | Reached XP level 7. HP: 52/61 MP: 7/7
  3914 | D:5      | Noticed Grinder
  3935 | D:5      | Paralysed by Grinder for 6 turns
  3943 | D:5      | Reached skill level 5 in Armour
  3945 | D:5      | Slain by Grinder

Dungeon Overview and Level Annotations

Branches:
Dungeon (5/15)
 Temple: D:4-7

Altars:
Yredelemnul

Shops:
D:5 (

Annotations:
D:4 simok's ghost, amateur FoFi
D:5 Grinder


Message History

Drink which item? (? for menu, Esc to quit)
It was a potion of heal wounds.
You feel much better. The orc barely misses you.
Grinder blinks!
The orc wizard hits you but does no damage.
Drink which item? (? for menu, Esc to quit)
It was a potion of degeneration.
There was something very wrong with that liquid.
You feel weakened.
You feel dopey.
You feel clumsy. The orc wizard hits you with a dagger.
The orc hits you but does no damage.
Grinder blinks!
The orc hits you but does no damage. Grinder gestures at you.
Pain shoots through your body! The orc hits you but does no damage.
You barely miss Grinder.
Grinder is heavily wounded.
You hit the orc.
The orc is severely wounded.
The orc barely misses you. Grinder gestures at you.
You suddenly lose the ability to move!
The orc wizard hits you but does no damage.
The orc hits you with a trident.
The orc wizard hits you but does no damage.
Grinder hits you.
You writhe in agony.
The orc hits you but does no damage. Grinder gestures at you.
You shrug off the repeated paralysis!
The orc wizard casts a spell.
The orc wizard seems to speed up.
The orc wizard hits you but does no damage.
The orc hits you but does no damage.
Grinder blinks!
The orc wizard hits you but does no damage.
The orc hits you but does no damage.
The orc wizard hits you but does no damage.
The orc wizard casts a spell at you. The magic dart hits you!
The orc barely misses you.
You can move again.
Unknown command.
You barely miss Grinder.
Grinder is heavily wounded.
You miss the orc wizard. You closely miss the orc.
The orc is severely wounded.
The orc wizard hits you but does no damage.
The orc hits you but does no damage. The orc wizard hits you with a dagger.
Grinder barely misses you.
Unknown command.
You hit Grinder.
Grinder is heavily wounded.
You slash the orc wizard!
The orc wizard is heavily wounded.
You closely miss the orc.
The orc is severely wounded.
The orc wizard barely misses you. The orc hits you but does no damage.
Grinder gestures at you. Pain shoots through your body!
The orc wizard hits you but does no damage.
Unknown command.
You barely miss Grinder.
Grinder is heavily wounded.
You hit the orc but do no damage.
The orc is severely wounded.
You slash the orc wizard!
You kill the orc wizard!
Your Armour skill increases to level 5!
The orc hits you but does no damage. Grinder hits you but does no damage.
Unknown command.
You barely miss Grinder.
Grinder is heavily wounded.
You barely miss the orc.
The orc is severely wounded.
Grinder hits you but does no damage. The orc hits you with a trident.
Unknown command.
Unknown command.
You barely miss Grinder.
Grinder is heavily wounded.
You hit the orc.
The orc is severely wounded.
Grinder hits you!
You die...

You could see Grinder and an orc.

Vanquished Creatures
  A giant frog (D:3)
  2 crimson imps (D:5)
  A centaur skeleton (D:5)
  3 orc wizards
  3 worker ants
  3 gnolls (D:4)
  6 adders
  A shadow imp (D:5)
  An ooze (D:2)
  2 worms (D:3)
  A giant gecko (D:3)
  8 orcs
  3 giant cockroaches
  12 goblins
  3 hobgoblins
  6 jackals (D:2)
  3 quokkas
  A ball python zombie (D:5)
  5 bats
  3 giant newts
  8 kobolds
  5 rats
81 creatures vanquished.

Action                   |  1- 3 |  4- 6 |  7- 9 || total
-------------------------+-------+-------+-------++-------
Melee: War axe           |    98 |   159 |    13 ||   270
Evoke: Wand              |       |     5 |       ||     5
  Use: Potion            |       |     3 |     7 ||    10
       Scroll            |       |     2 |       ||     2
  Eat: Chunk             |     1 |     8 |     1 ||    10
Armor: Scale mail        |    56 |    71 |    26 ||   153
Dodge: Dodged            |    61 |    89 |    14 ||   164

Vault maps used:
D:1:      minmay_arrival_solitary_statue, eino_curves_04
D:3:      lemuel_crystal_altar
D:4:      minmay_temple_entry_fiery, first_bread, uniq_sigmund
D:5:      serial_shops, shop, minmay_misc_feat_pillars, uniq_grinder
